 Dungeon Crawl Stone Soup version 0.31-a0-1008-g5b978dac0e (webtiles) character file.

Game seed: 7521711010939229266

8394 ChronoRanger the Basher (level 11, -12/160 HPs)
             Began as a Minotaur Fighter on Nov 13, 2023.
             Was a Priest of Makhleb.
             Mangled by a death yak (15 damage)
             ... on level 9 of the Dungeon.
             The game lasted 00:20:55 (8685 turns).

ChronoRanger the Basher (Minotaur Fighter)          Turns: 8685, Time: 00:20:56

Health: -12/160    AC: 25    Str: 32    XL:     11   Next: 9%
Magic:  0/12       EV:  2    Int:  5    God:    Makhleb [***...]
Gold:   449        SH:  5    Dex:  9    Spells: 10/10 levels left

rFire   . . .        a - +1 flail
rCold   . . .        c - +0 buckler
rNeg    . . .        d - melded +0 chain mail
rPois   +            b - melded +2 hat
rElec   .            l - melded +1 cloak
rCorr   .            p - melded +0 pair of gloves
SInv    .            (boots currently unavailable)
Will    .....        f - amulet of guardian spirit
Stlth   +            m - +6 ring of strength
HPRegen 0.46/turn    (no ring)
MPRegen 0.13/turn

%: guardian spirit
@: tree-form
A: stationary, stasis, torment immunity, boosted hp, (horns 2), (retaliatory
headbutt)
a: Renounce Religion, Minor Destruction, Lesser Servant of Makhleb


You were on level 9 of the Dungeon.
You worshipped Makhleb.
Makhleb was most pleased with you.
You were a tree.
You visited 2 branches of the dungeon, and saw 11 of its levels.
You also visited: Sewer and Bailey.

You collected 479 gold pieces.
You spent 30 gold pieces at shops.

Inventory:

Hand Weapons
 a - a +1 flail (weapon)
Armour
 b - a +2 hat (melded)
 c - a +0 buckler (worn)
 d - a +0 chain mail (melded)
 l - a +1 cloak (melded)
 p - a +0 pair of gloves (melded)
Jewellery
 f - an amulet of guardian spirit (around neck)
 m - a +6 ring of strength (left branch)
Wands
 h - a wand of flame (10)
Scrolls
 n - 2 scrolls of vulnerability
 t - 2 scrolls of fog {unknown}
 u - 2 scrolls of enchant armour
Potions
 e - 2 potions of lignification
 i - 3 potions of brilliance
 j - 4 potions of enlightenment
 o - a potion of haste {unknown}
 q - 2 potions of cancellation


   Skills:
 * Level 13.0 Fighting
 - Level 14.0 Maces & Flails
 + Level 6.6 Armour
 + Level 5.9 Shields
 + Level 3.3 Invocations


You had 10 spell levels left.
You didn't know any spells.
Your spell library contained the following spells:

 Spells                   Type           Power      Damage    Failure   Level
 Apportation              Tloc           0%         N/A       52%         1
 Summon Small Mammal      Summ           0%         N/A       52%         1
 Blink                    Tloc           0%         N/A       65%         2
 Jinxbite                 Hex            0%         N/A       65%         2
 Lesser Beckoning         Tloc           0%         N/A       65%         2
 Momentum Strike          Conj/Tloc      0%         3d8       65%         2
 Call Canine Familiar     Summ           0%         N/A       87%         3
 Summon Guardian Golem    Hex/Summ       0%         N/A       87%         3
 Volatile Blastmotes      Fire/Tloc      0%         2d10      87%         3
 Fulminant Prism          Conj/Hex       0%         3d5       99%         4
 Iskenderun's Mystic Bla  Conj/Tloc      0%         2d3       99%         4
 Alistair's Intoxication  Tmut/Pois      0%         N/A       100%        5


Dungeon Overview and Level Annotations

Branches:
Dungeon (10/15)            Temple (1/1) D:4           Sewer (visited)
 Bailey (visited)
   Lair: D:8-11         Orc: D:9-12

Altars:
Ashenzari
Cheibriados
Dithmenos
Elyvilon
Fedhas
Gozag
Hepliaklqana
Kikubaaqudgha
Makhleb
Nemelex Xobeh
Okawaru
Qazlal
Ru
Sif Muna
Trog
Uskayaw
Vehumet
Wu Jian
Xom
Yredelemnul
Zin
The Shining One

Shops:
D:6 **

Annotations:
D:8 1 runed translucent door, BinkBink's ghost, novice MiFi


Innate Abilities, Weirdness & Mutations

You are a tree.
Your roots penetrate the ground, keeping you stationary.
You cannot be teleported.
You are immune to unholy pain and torment.
Your maximum health is greatly increased.
Your equipment is partially melded.
((You have a pair of horns on your head.))
((You reflexively headbutt those who attack you in melee.))


Message History

You headbutt the death yak, but do no damage.
The death yak is moderately wounded.
The death yak gores you!!
* * * LOW HITPOINT WARNING * * *
You sock the death yak!
The death yak is moderately wounded.
The death yak gores you.
* * * LOW HITPOINT WARNING * * *
You sock the death yak!
The death yak is moderately wounded.
Okay, then.
The air fills with toxic fumes!
As you read the scroll of poison, it crumbles to dust.
The death yak gores you.
* * * LOW HITPOINT WARNING * * *
You hit the death yak but do no damage.
The death yak is moderately wounded.
The death yak gores you!
* * * LOW HITPOINT WARNING * * *
You hit the death yak but do no damage.
The death yak is moderately wounded.
The death yak barely misses you. You furiously retaliate!
You headbutt the death yak! You barely miss the death yak.
You headbutt the death yak, but do no damage.
The death yak is heavily wounded.
The death yak gores you!
* * * LOW HITPOINT WARNING * * *
You hit the death yak but do no damage. You headbutt the death yak.
The death yak is severely wounded.
You hit the death yak.
The death yak is severely wounded.
The death yak gores you!
* * * LOW HITPOINT WARNING * * *
You turn into a tree.
Your +1 cloak melds into your body.
Your +2 hat melds into your body.
Your +0 pair of gloves melds into your body.
Your +0 chain mail melds into your body.
Your roots penetrate the ground.
The death yak gores you!
You die...

#.~≈≈≈~≈≈≈~........#..
#.~##'')##~.#§§§§###
#. #)))).#~.§§§§§..# #
#∩...>#~.#§§#☼.###
#######~.#§§§!...#
≈~~~..§r☼..###
.....##r#.## ##..##
#Y#.# #.# #♣#.. .
#§#### #..§§§....#
#...§§§§§...#
#.#§#§§§§☼..# ..
#§#§§§§§§.# #
§§§§§§§§# ###
#§§§###§§. ..# ##.#.
### #[#


You could see a death yak, a river rat and a quokka.

Vanquished Creatures
  A hydra (D:8)
  2 death yaks (D:9)
  Jeremiah (D:7)
  Sigmund (D:2)
  A slime creature (D:8)
  A shadow (D:8)
  4 spriggans (Bailey)
  A yak (shapeshifter) (D:8)
  4 yaks (D:7)
  2 steam dragons
  A water moccasin (D:9)
  A sky beast (D:7)
  6 ice beasts
  5 ogres
  4 kobold brigands
  4 bullfrogs
  A gnoll sergeant (D:8)
  3 scorpions
  16 wights
  5 killer bees (D:8)
  A howler monkey (D:7)
  4 hounds
  A gnoll bouda (D:7)
  3 jellies
  6 orc priests
  Jessica (D:2)
  4 iguanas
  2 sleepcaps (D:6)
  Natasha (twice) (D:2)
  9 orc wizards
  17 gnolls
  5 river rats
  5 adders
  A shadow imp (D:5)
  3 worms
  3 dart slugs
  58 orcs
  4 endoplasms
  4 giant cockroaches
  8 goblins
  5 hobgoblins
  4 jackals
  12 kobolds
  5 quokkas
  13 ball pythons
  7 bats
  2 frilled lizards (D:1)
  8 rats
261 creatures vanquished.

Notes
Turn   | Place    | Note
-------+----------+-------------------------------------------
     0 | D:1      | ChronoRanger the Minotaur Fighter began the quest for the
                  | Orb.
     0 | D:1      | Reached XP level 1. HP: 19/19 MP: 0/0
    38 | D:1      | Reached skill level 3 in Maces & Flails
    38 | D:1      | Reached XP level 2. HP: 20/27 MP: 1/1
   463 | D:1      | Reached XP level 3. HP: 33/33 MP: 2/2
   835 | D:2      | Noticed Jessica
   842 | D:2      | Killed Jessica
   874 | D:2      | Reached XP level 4. HP: 40/40 MP: 3/3
   899 | D:2      | Reached skill level 4 in Maces & Flails
   980 | D:2      | Found a glowing golden altar of the Shining One.
  1009 | D:2      | Noticed Sigmund
  1022 | D:2      | Killed Sigmund
  1023 | D:2      | Reached skill level 5 in Fighting
  1023 | D:2      | Reached skill level 5 in Maces & Flails
  1023 | D:2      | Reached skill level 5 in Armour
  1023 | D:2      | Reached XP level 5. HP: 33/48 MP: 2/4
  1095 | D:2      | Noticed Natasha
  1104 | D:2      | Killed Natasha
  1105 | D:2      | Reached XP level 6. HP: 49/56 MP: 3/5
  1331 | D:2      | Noticed Natasha
  1334 | D:2      | Killed Natasha
  1948 | D:3      | Reached skill level 6 in Maces & Flails
  2825 | D:4      | Reached skill level 7 in Maces & Flails
  2825 | D:4      | Reached XP level 7. HP: 57/63 MP: 6/6
  2933 | D:4      | Found a glowing drain.
  2937 | Sewer    | Entered a sewer
  3042 | Sewer    | Reached skill level 8 in Maces & Flails
  3137 | Sewer    | Found a white marble altar of Elyvilon.
  3339 | D:4      | Found a staircase to the Ecumenical Temple.
  3354 | Temple   | Entered the Ecumenical Temple
  3361 | Temple   | Became a worshipper of Makhleb the Destroyer
  3659 | D:5      | Entered Level 5 of the Dungeon
  3659 | D:5      | Found a white marble altar of Elyvilon.
  3659 | D:5      | Found an ancient bone altar of Kikubaaqudgha.
  3659 | D:5      | Found a stormy altar of Qazlal.
  3659 | D:5      | Found an ornate altar of the Wu Jian Council.
  3698 | D:5      | Reached XP level 8. HP: 67/73 MP: 7/7
  3732 | D:5      | Reached skill level 9 in Maces & Flails
  3819 | D:5      | Identified the staff of Ethidgh {rC+ rN+ Dex+3 Ice}
  3825 | D:5      | Found a glowing silver altar of Zin.
  3825 | D:5      | Found a radiant altar of Vehumet.
  3997 | D:5      | Found a shimmering blue altar of Sif Muna.
  4154 | D:5      | Found a hazy altar of Hepliaklqana.
  4526 | D:6      | Found a basalt altar of Yredelemnul.
  4568 | D:6      | Found Vemifiamn's General Store.
  4573 | D:6      | Reached skill level 10 in Maces & Flails
  4585 | D:6      | Found Gejoeqo's Specific Store.
  4597 | D:6      | Bought a scroll of identify for 30 gold pieces
  4757 | D:6      | Found a shadowy altar of Dithmenos.
  5172 | D:6      | Reached skill level 11 in Maces & Flails
  5292 | D:7      | Reached XP level 9. HP: 82/82 MP: 8/8
  5319 | D:7      | Reached * piety under Makhleb
  5612 | D:7      | Reached skill level 12 in Maces & Flails
  5866 | D:7      | Noticed Jeremiah
  5911 | D:7      | Killed Jeremiah
  6403 | D:7      | Reached skill level 10 in Fighting
  6403 | D:7      | Reached skill level 13 in Maces & Flails
  6443 | D:7      | Found an iron altar of Okawaru.
  6895 | D:8      | Reached XP level 10. HP: 91/93 MP: 9/9
  7051 | D:8      | Noticed a four-headed hydra
  7060 | D:8      | Killed a four-headed hydra
  7060 | D:8      | Reached ** piety under Makhleb
  7061 | D:8      | Reached skill level 14 in Maces & Flails
  7125 | D:8      | Found a sacrificial altar of Ru.
  7322 | D:8      | Reached skill level 1 in Invocations
  7423 | D:8      | Noticed BinkBink's ghost (novice MiFi)
  7426 | D:8      | Found a runed translucent door.
  7687 | D:8      | Reached *** piety under Makhleb
  8008 | D:9      | You fall into a shaft and drop 1 floor!
  8008 | D:10     | Entered Level 10 of the Dungeon
  8100 | D:9      | Found a glowing golden altar of the Shining One.
  8134 | D:9      | Found a flagged portal.
  8151 | Bailey   | Entered a bailey
  8250 | Bailey   | Reached skill level 5 in Shields
  8376 | Bailey   | Noticed a two-headed ogre
  8641 | D:9      | Noticed a death yak
  8643 | D:9      | Noticed a death yak
  8647 | D:9      | Noticed a death yak
  8661 | D:9      | Killed a death yak
  8662 | D:9      | Reached XP level 11. HP: 79/106 MP: 7/12
  8673 | D:9      | Killed a death yak
  8684 | D:9      | HP: 1/107 [death yak (13)]
  8685 | D:9      | Mangled by a death yak

Illustrated notes

Levels and vault maps discovered:
D:1:      dpeg_arrival_erosion, layout_basic, serial_bayou_crossing
D:2:      layout_basic, basic_altar, chequers_serial_rivers_marsh, uniq_natasha,
          uniq_jessica, uniq_sigmund
D:3:      layout_basic, minivault_14
D:4:      layout_rooms, minmay_temple_entry_glassed_door, gup_sewer_entry_spiral
D:5:      layout_cave_pools, overflow_temple_1_default, kennysheep_mini,
          chequers_temple_overflow_statue_of_worship, jmf_multi_god_temple,
          minmay_misc_feat_doors
D:6:      layout_loops_ring, nicolae_dithmenos_through_a_glass_darkly,
          lemuel_doored_altar, nicolae_specific_store
D:7:      layout_basic, mainiacjoe_overflow_alcove_4, uniq_jeremiah
D:8:      minmay_curly_fans, layout_loops_cross,
          nicolae_ru_great_annihilating_truth, special_room [special_room_orc],
          hellmonk_ghost_happy_afterlife, st_stairs_12,
          dreamdust_mushroom_princess
D:9:      layout_loops_corners, mainiacjoe_overflow_surrounded_room,
          dpeg_lair_monsters, enter_bailey_4, minmay_misc_feat_tiny,
          chequers_hall_statues_wall_a
D:10:     layout_long_grid, david_orc_4, ebering_ghost_inner_flame,
          hangedman_abyss_or_decor_stabs
Temple:   nicolae_temple_bog_church

Skill      XL: |  1  2  3  4  5  6  7  8  9 10 11 |
---------------+----------------------------------+-----
Maces & Flails | 3 5 7 8 11 13 14 | 14.0
Fighting       | 4 5 6 7 8 10 12 13 | 13.0
Shields        | 4 5 |  5.9
Armour         | 4 5 6 |  6.6
Invocations    | 3 |  3.3

Action                     |  1- 3 |  4- 6 |  7- 9 | 10-12 || total
---------------------------+-------+-------+-------+-------++-------
  Melee: Flail             |    84 |   150 |   329 |   239 ||   802
         Headbutt          |     6 |    21 |    59 |    47 ||   133
  Throw: Dart              |       |       |       |     4 ||     4
    Use: Scroll            |     1 |     4 |     9 |     3 ||    17
         Potion            |       |     1 |     7 |     4 ||    12
   Stab: Paralysed         |       |       |       |     1 ||     1
 Armour: Scale mail        |    57 |    39 |       |       ||    96
         Chain mail        |       |   102 |   236 |   183 ||   521
         Skin              |       |       |       |     1 ||     1
  Dodge: Dodged            |    37 |    56 |   117 |    69 ||   279
  Block: Buckler           |    21 |    28 |    74 |    34 ||   157

Table legend: (Time is in decaauts)
 A = Elapsed time spent in this place.
 B = Non-inter-level travel time spent in this place.
 C = Inter-level travel time spent in this place.
 D = Time resting spent in this place.
 E = Time spent auto-exploring this place.
 F = Levels seen in this place.
 G = Mean time per level.
                   A        B        C        D        E       F      G
               +--------+--------+--------+--------+--------+-----+--------+
         Total |   8716 |   8519 |    197 |    732 |   5807 |  13 |  670.5 |
       Dungeon |   8179 |   7986 |    193 |    732 |   5465 |  10 |  817.9 |
        Temple |     14 |     10 |      4 |      0 |      0 |   1 |   14.0 |
         Sewer |    269 |    269 |      0 |      0 |    202 |   1 |  269.0 |
        Bailey |    252 |    252 |      0 |      0 |    139 |   1 |  252.0 |
               +--------+--------+--------+--------+--------+-----+--------+

Top non-repeatable levels by time:
     D:7: 1544 daAuts
     D:8: 1113 daAuts
     D:3: 962 daAuts
     D:4: 919 daAuts
     D:6: 852 daAuts
     D:2: 813 daAuts
     D:1: 803 daAuts
     D:5: 715 daAuts
     D:9: 376 daAuts
   Sewer: 269 daAuts
  Bailey: 252 daAuts
    D:10: 79 daAuts
  Temple: 14 daAuts
